 Dungeon Crawl Stone Soup version 0.27.1-33-g824d729ab1 (webtiles) character file.

Game seed: 1749321703961362921

3893 wolfnether the Cleaver (level 10, -7/86 HPs)
             Began as a Yellow Draconian Berserker on Dec 10, 2021.
             Was an Elder of Trog.
             Mangled by Erica (12 damage)
             ... on level 8 of the Dungeon.
             The game lasted 00:16:47 (8987 turns).

wolfnether the Cleaver (Yellow Draconian Berserker) Turns: 8987, Time: 00:16:47

Health: -7/86      AC: 10    Str: 23    XL:     10   Next: 0%
Magic:  10/10      EV: 14    Int:  7    God:    Trog [****..]
Gold:   320        SH:  0    Dex: 11    Spells: 9/9 levels left

rFire    . . .     SeeInvis .   Q - +3 war axe {axe}
rCold    . . .     Faith    +   (no shield)
rNeg     + . .     Spirit   .   (armour unavailable)
rPois    .         Reflect  .   (helmet restricted)
rElec    .         Harm     .   (no cloak)
rCorr    +         Rampage  .   o - +2 pair of gloves
Will     +++..                  (no boots)
Stlth    ++........             w - amulet of faith {!P}
HPRegen  1.24/turn              b - ring of willpower
MPRegen  0.12/turn              x - ring of positive energy

@: strong-willed, on berserk cooldown, regenerating, slowed, very slow
A: spit acid, AC +7, unfitting armour, cold-blooded, acid resistance
a: Breathe Acid, Renounce Religion, Berserk, Trog's Hand, Brothers in Arms


You were on level 8 of the Dungeon.
You worshipped Trog.
Trog was greatly pleased with you.
You visited 1 branch of the dungeon, and saw 8 of its levels.
You also visited: Ossuary.

You collected 412 gold pieces.
You spent 92 gold pieces at shops.


Innate Abilities, Weirdness & Mutations

You can spit globs of acid.
Your golden yellow scales are hard. (AC +7)
You cannot fit into any form of body armour.
You are cold-blooded and may be slowed by cold attacks.
You are resistant to acid. (rCorr)


   Skills:
 + Level 7.5 Fighting
 + Level 11.0 Axes
 + Level 6.4 Dodging
 + Level 3.6 Stealth


You had 9 spell levels left.
You didn't know any spells.
Your spell library contained the following spells:

 Spells                   Type           Power      Damage    Failure   Level
 Corpse Rot               Necr/Air       N/A        N/A       56%         2
 Poisonous Vapours        Pois/Air       0%         N/A       56%         2
 Freezing Cloud           Conj/Ice/Air   0%         6-21      100%        5

Inventory:

Hand Weapons
 Q - a +3 war axe (weapon) {axe}
   (You took it off a wight on level 8 of the Dungeon)
Missiles
 e - 267 stones (quivered) {throwing}
 f - 53 sling bullets
 g - 109 arrows
 j - 97 bolts
 r - 4 javelins {throwing}
 y - 33 poisoned darts {throwing}
Armour
 o - a +2 pair of gloves (worn)
   (You found it on level 2 of the Dungeon)
Jewellery
 b - a ring of willpower (left hand)
   (You found it on level 1 of the Dungeon)
 w - an amulet of faith (around neck) {!P}
   (You found it on level 5 of the Dungeon)
 x - a ring of positive energy (right hand)
   (You found it on level 4 of the Dungeon)
Wands
 P - a wand of charming (12)
   (You found it on level 8 of the Dungeon)
Scrolls
 a - 2 scrolls of fog {unknown}
 k - 3 scrolls of teleportation {@r4}
 l - 3 scrolls of magic mapping {!r}
 s - a scroll of fear {unknown}
 t - a scroll of enchant armour {unknown}
 u - a scroll of holy word {unknown}
 v - 6 scrolls of identify {@r1}
 E - a scroll of summoning
 F - 2 scrolls of amnesia {unknown}
 G - 2 scrolls of immolation {unknown}
 J - a scroll of brand weapon {unknown}
Potions
 c - a potion of magic {unknown}
 d - a potion of berserk rage {unknown}
 h - 2 potions of ambrosia {unknown}
 i - 2 potions of might
 m - a potion of heal wounds {@q2}
 n - 3 potions of cancellation {unknown}
 q - 6 potions of curing {unknown}
 z - 2 potions of degeneration {unknown}
 A - 2 potions of haste {unknown}
 C - 5 potions of flight {unknown}
 D - 3 potions of lignification {unknown}
 H - a potion of attraction {unknown}
 I - a potion of mutation {unknown}

Dungeon Overview and Level Annotations

Branches:
Dungeon (8/15)             Temple (0/1) D:7         Ossuary (visited)
   Lair: D:8-11

Altars:
Gozag
Hepliaklqana
Kikubaaqudgha
Qazlal
Uskayaw
Yredelemnul

Shops:
D:2 !:*?   D:3 (   D:5 (

Annotations:
D:8 Erica

....##.#.#########
....##...........#
....'..#.#≈#.###.#
....##.#.≈≈≈.# #.#
....##.#.#≈≈.###.###
....##.#...≈≈......#
....##.####≈≈###.#.#
....##.#....≈.<#.#
....##.#.##.≈###@#
##+###.# #≈≈# #.#
#.# #.≈≈ #.#
..#≈##.# ...≈...#
###


There were no monsters in sight!


Message History

Trog accepts your kill.
You have reached level 10! 😕 HP[+7] MP[+1]
You now have 86 max hp (+7).
You regained 7 hp, and now have 78/86 hp.
Your mp is fully restored (10).
Erica mumbles some strange words.
Erica flickers and vanishes!
Deactivating autopickup; reactivate with Ctrl-A.
No target in view!
No target in view!
You hear a splashing noise. 😕 HP[+1] Unknown command.
You enter the shallow water.
Moving in this stuff is going to be slow.
You hear some strange, mumbled words.
Something tries to affect you, but you resist. 😕 HP[+1]
Something hits you. Something burns you. 😕 HP[-5]
You take 5 damage, and now have 75/86 hp. 😕 HP[+1]
There is a strange disturbance nearby!
No target in view!
There is a strange disturbance nearby!
Something hits you. Something burns you. 😕 HP[-7]
You take 7 damage, and now have 69/86 hp.
You closely miss something. You closely miss something.
Something completely misses you. 😕 HP[+1]
You hit something. Something hits you. Something burns you. 😮 HP[-8]
You take 8 damage, and now have 62/86 hp.
You slash something!
You hear some strange, mumbled words.
Something tries to affect you, but you resist.
You closely miss something. Something hits you! Something burns you. 😮 HP[-15]
You take 15 damage, and now have 47/86 hp.
You closely miss something. You tail-slap something. Something hits you.
* * * LOW HITPOINT WARNING * * *
Something burns you.
* * * LOW HITPOINT WARNING * * *
😨 HP[-7]
You take 7 damage, and now have 40/86 hp.
You hit something. Something hits you!
* * * LOW HITPOINT WARNING * * *
Something burns you.
* * * LOW HITPOINT WARNING * * *
😨 HP[-11]
You take 11 damage, and now have 29/86 hp.
A red film seems to cover your vision as you go berserk!
You feel yourself moving faster!
You feel mighty! Something hits you.
* * * LOW HITPOINT WARNING * * *
Something burns you.
* * * LOW HITPOINT WARNING * * *
😨 HP[+8]
You now have 129 max hp (+43).
You regained 8 hp, and now have 37/129 hp.
You barely miss something. Something hits you.
* * * LOW HITPOINT WARNING * * *
Something burns you.
* * * LOW HITPOINT WARNING * * *
😱 HP[-9]
You take 9 damage, and now have 28/129 hp.
You barely miss something. You tail-slap something! Something hits you.
* * * LOW HITPOINT WARNING * * *
Something burns you.
* * * LOW HITPOINT WARNING * * *
😱 HP[-5]
You take 5 damage, and now have 23/129 hp.
Okay, then.
You slash something! You completely miss something. You tail-slap something!
Something hits you!
* * * LOW HITPOINT WARNING * * *
Something burns you.
* * * LOW HITPOINT WARNING * * *
😱 HP[-17]
You take 17 damage, and now have 6/129 hp.
You barely miss something. You hit something. Something hits you.
* * * LOW HITPOINT WARNING * * *
Something burns you.
* * * LOW HITPOINT WARNING * * *
😱 HP[-4]
You take 4 damage, and now have 2/129 hp.
You barely miss something. Something hits you but does no damage.
Unknown command.
You feel a strong urge to attack something.
You are no longer berserk.
You are exhausted.
You feel yourself slow down.
You now have 86 max hp (-43).
Your skin crawls.
You feel strong-willed. 😱 HP[+1]
Something hits you!
You die...

Skill      XL: |  1  2  3  4  5  6  7  8  9 |
---------------+----------------------------+-----
Dodging        | 3 4 5 6 |  6.4
Axes           | 4 5 6 7 9 11 | 11.0
Fighting       | 4 5 6 7 |  7.5
Stealth        | 1 2 3 |  3.6

Action                   |  1- 3 |  4- 6 |  7- 9 | 10-12 || total
-------------------------+-------+-------+-------+-------++-------
Melee: Hand axe          |   110 |    85 |       |       ||   195
       Tailslap          |    12 |    17 |    64 |     3 ||    96
       War axe           |       |    39 |   437 |    14 ||   490
Invok: Berserk           |       |     1 |    11 |     1 ||    13
       Trog's Hand       |       |       |       |     1 ||     1
  Use: Scroll            |     1 |     4 |       |       ||     5
 Stab: Sleeping          |     1 |       |     5 |       ||     6
       Distracted        |       |       |     1 |       ||     1
Armor: Skin              |    43 |    37 |   188 |     1 ||   269
Dodge: Dodged            |    67 |    71 |   327 |     1 ||   466

Levels and vault maps discovered:
D:1:      dpeg_arrival_radiant, layout_loops_ring, minmay_pentomino_o2
D:2:      layout_rooms, serial_shops, nicolae_shop_behind_doors,
          nicolae_square_shop, nicolae_shop_temple_entry_statues_fountains,
          nicolae_shop_crystal, basic_ecumenical_altar, minmay_crystal_water,
          uniq_terence
D:3:      layout_basic, mainiacjoe_overflow_alcove_2, serial_shops,
          nicolae_lakefront_shop
D:4:      layout_cave_pools, serial_bayou, serial_bayou_pond_b,
          serial_bayou_crossing, serial_bayou_pond_a, serial_bayou_ford_a
D:5:      layout_gridville, ebering_ghost_gozag, serial_shops, shop
D:6:      layout_loops_ring, chequers_temple_overflow_statue_of_worship
D:7:      layout_loops_corners, kennysheep_mini, minmay_temple_entry_arrows,
          enter_ossuary_2, centaur_isle
D:8:      layout_basic, chequers_temple_overflow_minitemple, serial_rivers,
          chequers_serial_rivers_micro_b, chequers_serial_rivers_micro_c,
          chequers_serial_rivers_small_a, chequers_serial_rivers_micro_c,
          chequers_serial_rivers_micro_e, chequers_garden,
          minmay_misc_feat_alley, nrook_mini_backslash, uniq_erica, uniq_psyche

Notes
Turn   | Place    | Note
-------+----------+-------------------------------------------
     0 | D:1      | wolfnether the Draconian Berserker began the quest for the
                  | Orb.
     0 | D:1      | Reached XP level 1. HP: 19/19 MP: 1/1
     0 | D:1      | magus.rc [v1.9.6]
   153 | D:1      | Reached XP level 2. HP: 23/26 MP: 2/2
   490 | D:1      | HP: 6/26 [hobgoblin (5)]
   493 | D:1      | Reached skill level 3 in Dodging
   872 | D:1      | You pick up a book of Vapours {forbidden} and begin
                  | reading...
   872 | D:1      | You add the spells Poisonous Vapours, Corpse Rot and
                  | Freezing Cloud to your library.
   894 | D:1      | Reached XP level 3. HP: 32/33 MP: 3/3
  1048 | D:2      | Found Nimmahus's Book Boutique.
  1236 | D:2      | Found a faded altar of an unknown god.
  1244 | D:2      | Reached ** piety under Trog
  1393 | D:2      | Found Wotas's General Store.
  1490 | D:2      | Bought a scroll of identify for 22 gold pieces
  1574 | D:2      | You pick up a book of Vapours {forbidden} and begin
                  | reading...
  1611 | D:2      | Found Syqul's Magic Scroll Shop.
  1634 | D:2      | Reached skill level 4 in Axes
  1634 | D:2      | Reached XP level 4. HP: 29/40 MP: 4/4
  1793 | D:2      | Noticed Terence
  1800 | D:2      | HP: 9/40 [Terence (11)]
  1806 | D:2      | Killed Terence
  1806 | D:2      | HP: 10/60 [kobold (4)]
  1807 | D:2      | Reached skill level 4 in Fighting
  2068 | D:2      | Found Ohibrut's Distillery.
  2080 | D:2      | Bought a potion of heal wounds for 70 gold pieces
  2163 | D:3      | Found Diruar's Weapon Emporium.
  2521 | D:3      | Found a hazy altar of Hepliaklqana.
  2548 | D:3      | Reached XP level 5. HP: 40/46 MP: 5/5
  3289 | D:4      | You fall into a shaft and drop 2 floors!
  3293 | D:6      | Noticed a black bear
  3300 | D:6      | Killed a black bear
  3301 | D:6      | Reached skill level 5 in Axes
  3345 | D:6      | Found a hide-covered altar of Uskayaw.
  3348 | D:6      | Found a stormy altar of Qazlal.
  3348 | D:6      | Found a basalt altar of Yredelemnul.
  3362 | D:6      | Reached XP level 6. HP: 50/52 MP: 6/6
  3377 | D:6      | Noticed a sky beast
  3380 | D:6      | Reached skill level 1 in Stealth
  3390 | D:6      | Killed a sky beast
  3391 | D:6      | Reached skill level 4 in Dodging
  3397 | D:6      | Reached skill level 6 in Axes
  3408 | D:5      | Entered Level 5 of the Dungeon
  3560 | D:5      | Your scales start taking on a golden yellow colour.
  3560 | D:5      | Reached XP level 7. HP: 45/60 MP: 7/7
  3560 | D:5      | Gained mutation: You are resistant to acid. (rCorr) [Yellow
                  | Draconian growth]
  3752 | D:5      | Found Saprad's Antique Weapon Boutique.
  3845 | D:5      | Found a runed translucent gate.
  3846 | D:5      | Found a runed translucent gate.
  3846 | D:5      | Found an opulent altar of Gozag.
  3847 | D:5      | Found a runed translucent gate.
  3848 | D:5      | Noticed a troll
  3848 | D:5      | Noticed Hydra2011's ghost (amateur SpAK)
  3979 | D:5      | Reached skill level 7 in Axes
  4541 | D:4      | Reached *** piety under Trog
  4553 | D:4      | Reached skill level 5 in Fighting
  4553 | D:4      | Reached XP level 8. HP: 68/68 MP: 8/8
  5030 | D:4      | Reached skill level 5 in Dodging
  5538 | D:5      | Reached skill level 8 in Axes
  5538 | D:5      | Reached skill level 2 in Stealth
  5819 | D:5      | Killed a troll
  5828 | D:5      | Killed Hydra2011's ghost
  6090 | D:6      | Reached skill level 6 in Fighting
  6090 | D:6      | Reached skill level 9 in Axes
  6167 | D:6      | Reached XP level 9. HP: 75/75 MP: 9/9
  6731 | D:7      | Found a sand-covered staircase.
  6736 | Ossuary  | Entered an ossuary
  6763 | Ossuary  | Reached skill level 6 in Dodging
  6804 | Ossuary  | Reached skill level 3 in Stealth
  6816 | Ossuary  | Reached **** piety under Trog
  6981 | Ossuary  | Reached skill level 10 in Axes
  7018 | Ossuary  | HP: 15/78 [wyvern zombie (7)]
  7023 | Ossuary  | HP: 18/117 [wyvern zombie (6)]
  7026 | Ossuary  | Reached skill level 7 in Fighting
  8207 | D:7      | Found a staircase to the Ecumenical Temple.
  8487 | D:7      | Found an ancient bone altar of Kikubaaqudgha.
  8941 | D:8      | Reached skill level 11 in Axes
  8950 | D:8      | Identified a +2 robe of the Archmagi
  8950 | D:8      | Noticed Erica
  8955 | D:8      | Reached XP level 10. HP: 78/86 MP: 10/10
  8976 | D:8      | HP: 31/129 [something (6)]
  8979 | D:8      | HP: 10/129 [something (13)]
  8981 | D:8      | HP: 3/129 [something (4)]
  8987 | D:8      | Mangled by Erica

Vanquished Creatures
  A troll (D:5)
  The ghost of Hydra2011 the Sneak, an amateur SpAK of Lugonu (D:5)
  A water moccasin (D:8)
  2 hornet zombies (Ossuary)
  2 sky beasts
  3 black bears
  An ogre (D:4)
  An ice beast (D:7)
  2 necrophages (D:6)
  A kobold brigand (D:4)
  2 wyvern zombies (Ossuary)
  4 scorpions
  2 bullfrogs
  A water moccasin zombie (D:6)
  A water moccasin skeleton (D:6)
  9 wights
  6 centaur zombies
  4 hounds
  4 jellies
  A bullfrog skeleton (D:5)
  9 bullfrog zombies
  An orc priest (D:8)
  An iguana (D:8)
  13 mummies (Ossuary)
  Terence (D:2)
  An orc wizard (D:3)
  5 killer bee zombies
  A hound skeleton (D:5)
  A howler monkey zombie (D:7)
  6 adders
  A shadow imp (D:6)
  4 ufetubi
  An adder skeleton (D:4)
  An adder zombie (D:5)
  4 worms
  2 dart slugs
  15 orcs
  4 ball pythons
  9 endoplasms
  A giant cockroach (D:1)
  7 goblins
  7 hobgoblins
  4 jackals (D:3)
  10 kobolds
  3 quokkas
  7 bats
  2 frilled lizards (D:3)
  9 rats
179 creatures vanquished.

Vanquished Creatures (others)
  9 plants (D:4)
  7 withered plants (Ossuary)
16 creatures vanquished.

Grand Total: 195 creatures vanquished

Table legend:
 A = Non-vault XP
 B = Vault XP
 C = Vault XP percentage of total XP
 D = Non-vault monster count
 E = Vault monster count
 F = Vault count percentage of total count
                 A         B        C        D         E       F
            +---------+---------+-------+---------+---------+-------
      Total |    3446 |    2116 |  38.0 |     136 |      43 |  24.0
            +---------+---------+-------+---------+---------+-------
        D:1 |      39 |       2 |   4.9 |      23 |       2 |   8.0
        D:2 |      63 |      36 |  36.4 |      17 |       1 |   5.6
        D:3 |      81 |       0 |   0.0 |      19 |       0 |   0.0
        D:4 |     256 |     152 |  37.3 |      23 |       6 |  20.7
        D:5 |     669 |     672 |  50.1 |      14 |       4 |  22.2
        D:6 |    1116 |       0 |   0.0 |      16 |       0 |   0.0
        D:7 |     602 |       0 |   0.0 |      11 |       0 |   0.0
        D:8 |     620 |       0 |   0.0 |      13 |       0 |   0.0
    Ossuary |       0 |    1254 | 100.0 |       0 |      30 | 100.0
            +---------+---------+-------+---------+---------+-------

Illustrated notes

Table legend:
 A = Kills in this place as a percentage of kills in entire the game.
 B = Kills by you in this place as a percentage of kills by you in the entire game.
 C = Kills by friends in this place as a percentage of kills by friends in the entire game.
 D = Other kills in this place as a percentage of other kills in the entire game.
 E = Experience gained in this place as a percentage of experience gained in the entire game.
 F = Experience gained in this place divided by the number of levels of this place that you have seen.
                   A       B       C       D       E      F
               +-------+-------+-------+-------+-------+----------------------
         Total | 100.0 | 100.0 |   N/A |   N/A | 100.0 | 618.0
       Dungeon |  83.2 |  83.2 |   N/A |   N/A |  77.5 | 538.5
       Ossuary |  16.8 |  16.8 |   N/A |   N/A |  22.5 | 1254.0
               +-------+-------+-------+-------+-------+----------------------

Table legend: (Time is in decaauts)
 A = Elapsed time spent in this place.
 B = Non-inter-level travel time spent in this place.
 C = Inter-level travel time spent in this place.
 D = Time resting spent in this place.
 E = Time spent auto-exploring this place.
 F = Levels seen in this place.
 G = Mean time per level.
                   A        B        C        D        E       F      G
               +--------+--------+--------+--------+--------+-----+--------+
         Total |   9175 |   8889 |    286 |    947 |   6450 |   9 | 1019.4 |
       Dungeon |   8177 |   7891 |    286 |    462 |   6274 |   8 | 1022.1 |
       Ossuary |    997 |    997 |      0 |    484 |    175 |   1 |  997.0 |
               +--------+--------+--------+--------+--------+-----+--------+

Top non-repeatable levels by time:
     D:5: 1721 daAuts
     D:2: 1121 daAuts
     D:3: 1117 daAuts
     D:1: 1052 daAuts
     D:7: 1040 daAuts
 Ossuary: 997 daAuts
     D:4: 906 daAuts
     D:6: 867 daAuts
     D:8: 349 daAuts
